 Dungeon Crawl Stone Soup version 0.27.1 (webtiles) character file.

Game seed: 8370495680504624445

18 Destapler the Skirmisher (level 2, 0/25 HPs)
             Began as a Palentonga Berserker on Aug 24, 2021.
             Was a Follower of Trog.
             Slain by a jackal (1 damage)
             ... on level 1 of the Dungeon.
             The game lasted 00:01:45 (428 turns).

Destapler the Skirmisher (Palentonga Berserker)      Turns: 428, Time: 00:01:46

Health: 0/25       AC:  4    Str: 20    XL:     2   Next: 48%
Magic:  2/2        EV:  9    Int:  7    God:    Trog [*.....]
Gold:   16         SH:  0    Dex:  9    Spells: 1/1 levels left

rFire    . . .     SeeInvis +   a - +0 falchion
rCold    . . .     Faith    .   (no shield)
rNeg     . . .     Spirit   .   b - +0 animal skin
rPois    .         Reflect  .   (no helmet)
rElec    .         Harm     .   (no cloak)
rCorr    .         Rampage  .   (no gloves)
Will     .....                  (no barding)
Stlth    +.........             (no amulet)
HPRegen  0.08/turn              (no ring)
MPRegen  0.08/turn              (no ring)

@: brilliant
A: large, rugged brown scales 3, see invisible, deformed body, roll 1, armoured
tail
a: Rolling Charge, Renounce Religion, Berserk


You were on level 1 of the Dungeon.
You worshipped Trog.
Trog was aware of your devotion.
You visited 1 branch of the dungeon, and saw 1 of its levels.

You collected 16 gold pieces.

Inventory:

Hand Weapons
 a - a +0 falchion (weapon)
Armour
 b - a +0 animal skin (worn)
Scrolls
 c - a scroll of teleportation {unknown}
 e - a scroll of blinking {unknown}


   Skills:
 + Level 3.2 Fighting
 + Level 3.2 Long Blades
 + Level 1.9 Armour
 + Level 1.8 Dodging


You had one spell level left.
You didn't know any spells.
Your spell library was empty.

Dungeon Overview and Level Annotations

Branches:
Dungeon (1/15)

Altars:


Innate Abilities, Weirdness & Mutations

You are completely covered in rugged brown scales. (AC +3, +7% HP)
You have supernaturally acute eyesight. (SInv)
Armour fits poorly on your strangely shaped body.
You can roll at nearby foes to attack.
You have a long armoured tail.


Message History

You barely miss the jackal. You barely miss the jackal.
The jackal bites you but does no damage. x2
A jackal comes into view.
The jackal bites you but does no damage.
The jackal bites you.
* * * LOW HITPOINT WARNING * * *
Unknown command.
You fail to use your ability.
The jackal barks!
The jackal closely misses you.
The jackal bites you but does no damage.
A bat comes into view.
The jackal closely misses you. The jackal bites you.
* * * LOW HITPOINT WARNING * * *
The jackal barely misses you. The jackal bites you.
* * * LOW HITPOINT WARNING * * *
The jackal stops to sniff the ground.
The jackal bites you but does no damage.
A rat comes into view.
Found a dagger.
The jackal bites you.
* * * LOW HITPOINT WARNING * * *
The rat bites you but does no damage. The rat barely misses you.
You riposte.
You hit the rat but do no damage.
Your tail-slap misses the rat.
The jackal misses you. The rat bites you.
* * * LOW HITPOINT WARNING * * *
The jackal bites you but does no damage.
The jackal barely misses you.
It was a potion of cancellation.
You feel magically purged. The jackal bites you.
* * * LOW HITPOINT WARNING * * *
The jackal bites you but does no damage.
It was a potion of brilliance.
You feel clever all of a sudden.
The jackal bites you but does no damage.
The jackal closely misses you. The jackal bites you.
You die...

#####.....#....#####..#
...........h...........
...###)#.#####.####..##
#.##. #.# #.........#
...r##.####.........#
#..#......#.......#
#...#h.####.......###.
##.#.hh.#####..........
#....h@.............###
.....###...####.........#
..##. ##...####.###.##..
.. . ..........###.## .
## ###.............###
........####.....
.##.#.##. #..... # #.#..
.. #..##.# ....###.#


You could see 4 jackals and a rat.

Vanquished Creatures
  A dart slug (D:1)
  2 endoplasms (D:1)
  2 goblins (D:1)
  2 hobgoblins (D:1)
  2 quokkas (D:1)
  A ball python (D:1)
  A bat (D:1)
  A frilled lizard (D:1)
  3 rats (D:1)
15 creatures vanquished.

Notes
Turn   | Place    | Note
-------+----------+-------------------------------------------
     0 | D:1      | Destapler the Palentonga Berserker began the quest for the
                  | Orb.
     0 | D:1      | Reached XP level 1. HP: 19/19 MP: 1/1
    39 | D:1      | Reached XP level 2. HP: 14/25 MP: 2/2
   426 | D:1      | HP: 1/25 [jackal (2)]
   428 | D:1      | Slain by a jackal

Illustrated notes

Levels and vault maps discovered:
D:1:      dpeg_arrival_renting, layout_rooms

Action                   || total
-------------------------++-------
Melee: Falchion          ||    36
       Tailslap          ||     5
Invok: Berserk           ||     2
 Abil: Rolling Charge    ||     9
  Use: Potion            ||     2
Armor: Animal skin       ||    37
Dodge: Dodged            ||    32
       Rpst.: Falchion   ||     6
